 Dungeon Crawl Stone Soup version 0.31.0-11-ge490571c62 (webtiles) character file.

Game seed: 6232958350325276395

20 EonDragon20 the Changeling (level 2, 0/21 HPs)
             Began as a Merfolk Shapeshifter on Feb 8, 2024.
             Slain by an adder (2 damage)
             ... on level 2 of the Dungeon.
             The game lasted 00:04:23 (798 turns).

EonDragon20 the Changeling (Merfolk Shapeshifter)    Turns: 798, Time: 00:04:25

Health: 0/21       AC:  2    Str: 14    XL:     2   Next: 79%
Magic:  2/2        EV: 12    Int:  9    God:
Gold:   44         SH:  0    Dex: 13    Spells: 1/1 levels left

rFire   . .          .
                       - Unarmed
rCold   . . .        (no shield)
rNeg    . . .        a - +0 animal skin
rPois   .            (helmet currently unavailable)
rElec   .            (cloak currently unavailable)
rCorr   .            (gloves currently unavailable)
SInv    .            (boots currently unavailable)
Will    .....        (no amulet)
Stlth   +            (no ring)
HPRegen 0.23/turn    (no ring)
MPRegen 0.08/turn

%: no passive effects
@: lethally poisoned (0 -> -10), beast-form
A: beast (slay +2), (nimble swimmer 2), mertail
a: Begin Untransformation


You were on level 2 of the Dungeon.
You were a hulking beast.
You visited 1 branch of the dungeon, and saw 2 of its levels.

You collected 44 gold pieces.

Inventory:

Armour
 a - a +0 animal skin (worn)
 g - a +0 cloak
 i - a +1 pair of boots
Jewellery
 f - a ring of magical power
Talismans
 c - a beast talisman
 d - a flux talisman
Potions
 b - a potion of lignification
 h - a potion of enlightenment {unknown}


   Skills:
 - Level 1.1 Fighting
 - Level 2.6 Dodging
 - Level 3.2 Unarmed Combat
 * Level 5.1 Shapeshifting


You had one spell level left.
You didn't know any spells.
Your spell library was empty.

Dungeon Overview and Level Annotations

Branches:
Dungeon (2/15)

Altars:

Shops:
D:1 [


Innate Abilities, Weirdness & Mutations

You are a hulking beast.
Your limbs bulge with bestial killing power. (Slay +2)
((You are very nimble when in or above water. (Stealth+, EV+, Speed+++)))
Your lower body shifts to a powerful aquatic tail in water.


Message History

You are poisoned.
The adder poisons you!
You barely miss the adder.
The adder is lightly wounded.
You feel sick. The adder bites you.
You are lethally poisoned!
The adder poisons you!
You closely miss the adder.
The adder is lightly wounded.
* * * LOW HITPOINT WARNING * * *
You feel sick. The adder bites you.
* * * LOW HITPOINT WARNING * * *
You are more poisoned.
The adder poisons you!
It was a potion of curing.
You feel better. The adder misses you.
You hit the adder.
The adder is heavily wounded.
The adder closely misses you. x2
You barely miss the adder.
The adder is moderately wounded.
The adder bites you but does no damage.
You aren't carrying any scrolls.
You barely miss the adder.
The adder is moderately wounded.
The adder bites you.
* * * LOW HITPOINT WARNING * * *
You are poisoned.
The adder poisons you!
You hit the adder.
The adder is almost dead.
* * * LOW HITPOINT WARNING * * *
You feel sick. The adder closely misses you.
You miss the adder.
The adder is almost dead.
* * * LOW HITPOINT WARNING * * *
You feel sick. The adder bites you.
* * * LOW HITPOINT WARNING * * *
You are more poisoned.
The adder poisons you! The adder bites you.
You die...

###.# #...# # #.#.# .#
#.#.# ..+ #.#.# ...#
######.#.# ....#
#####.....S..#....#
#.......##S#.'...# #
#.###.#.##h#.#..## ##
#.# #.#......#.## ##.
#.# #.####.#.# # ##..
#.# #......#.## #...
#.#
########..####+#######'
#.# #..................
#.###
#.....###..........
#...#
#.........##.......
###.#
#.....###.##.......


You could see 2 adders.

Vanquished Creatures
  An endoplasm (D:2)
  A giant cockroach (D:1)
  5 goblins
  4 hobgoblins
  4 kobolds
  A bat (D:1)
  3 rats (D:1)
19 creatures vanquished.

Notes
Turn   | Place    | Note
-------+----------+-------------------------------------------
     0 | D:1      | EonDragon20 the Merfolk Shapeshifter began the quest for
                  | the Orb.
     0 | D:1      | Reached XP level 1. HP: 15/15 MP: 1/1
   111 | D:1      | Found Sunuydos's Armour Shoppe.
   151 | D:1      | Reached XP level 2. HP: 16/21 MP: 2/2
   542 | D:2      | Reached skill level 5 in Shapeshifting
   798 | D:2      | Slain by an adder

Illustrated notes

Levels and vault maps discovered:
D:1:      saegor_arrival_miasma, layout_basic, serial_shops, shop
D:2:      layout_loops_cross, serial_shops, nicolae_shop_overgrown_old_shop,
          minmay_quadrilaterals

Skill      XL: |  1  2 |
---------------+-------+-----
Shapeshifting  | 5 |  5.1
Fighting       | |  1.1
Dodging        | |  2.6
Unarmed Combat | |  3.2

Action                     || total
---------------------------++-------
  Melee: Unarmed           ||    56
    Use: Scroll            ||     4
         Potion            ||     1
   Stab: Sleeping          ||     1
 Armour: Animal skin       ||    31
  Dodge: Dodged            ||    28
